 Dungeon Crawl Stone Soup version 0.30-a0-381-g6ea064c7b4 (webtiles) character file.

Game seed: 7740814099983922101

160 Raultor the Changer (level 5, -3/34 HPs)
             Began as an Octopode Transmuter on Dec 1, 2022.
             Splashed by a jelly's acid (4 damage)
             ... on level 4 of the Dungeon.
             The game lasted 00:06:37 (2338 turns).

Raultor the Changer (Octopode Transmuter)           Turns: 2338, Time: 00:06:38

Health: -3/34      AC: -3    Str:  9    XL:     5   Next: 41%
Magic:  7/8        EV: 13    Int: 17    God:
Gold:   133        SH:  0    Dex: 13    Spells: 1/8 levels left

rFire   + . .      SeeInvis .      - Unarmed
rCold   + . .      Faith    .    (no shield)
rNeg    . . .      Spirit   .    (helmet currently unavailable)
rPois   .          Reflect  .    (no amulet)
rElec   .          Harm     .    C - ring of protection from cold
rCorr   .          Rampage  .    F - ring of protection from fire
Will    .....                    (no ring)
Stlth   ++........               (no ring)
HPRegen 0.25/turn                (no ring)
MPRegen 0.11/turn                (no ring)
                                 (no ring)
                                 (no ring)

@: appendages, corroded
A: tentacle spike 3, almost no armour, amphibious, 8 rings, camouflage 1,
gelatinous body 1, (nimble swimmer 1), tentacles
a: End Transformation


You were on level 4 of the Dungeon.
One of your tentacles had grown a beastly spike.
You visited 1 branch of the dungeon, and saw 4 of its levels.

You collected 133 gold pieces.


Innate Abilities, Weirdness & Mutations

One of your tentacles has grown a beastly spike.
You cannot wear most types of armour.
You are amphibious.
You can wear up to eight rings at the same time.
Your skin changes colour to match your surroundings (Stealth+).
Your rubbery body absorbs attacks. (AC +1, EV +1)
((You are camouflaged when in or above water. (Stealth+)))
You have tentacles for arms and can constrict up to eight enemies at once.


   Skills:
 + Level 1.6 Fighting
 - Level 2.0 Dodging
 + Level 3.3 Unarmed Combat
 - Level 2.0 Spellcasting
 + Level 4.4 Transmutations
 * Level 1.8 Ice Magic


You had one spell level left.
You knew the following spells:

 Your Spells              Type           Power      Damage    Failure   Level
b - Beastly Appendage     Tmut           32%        N/A       3%          1
c - Ice Form              Ice/Tmut       12%        N/A       45%         4
w - Wereblood             Tmut           16%        N/A       4%          2

Your spell library contained the following spells:

 Spells                   Type           Power      Damage    Failure   Level
 Freeze                   Ice            32%        1d5       9%          1
 Necrotise                Necr           4%         1d4       19%         1
 Spider Form              Tmut/Pois      9%         N/A       24%         3
 Frozen Ramparts          Ice            16%        1d3       26%         3
 Hailstorm                Conj/Ice       4%         3d4       36%         3
 Kindle Blastsparks       Fire/Tloc/Air  2%         2d10      50%         3
 Vampiric Draining        Necr           1%         2d6       50%         3
 Fulminant Prism          Conj/Hex       0%         3d5       88%         4
 Iskenderun's Mystic Bla  Conj/Tloc      1%         2d3       88%         4
 Agony                    Necr           1%         N/A       99%         5
 Lee's Rapid Deconstruct  Erth           0%         3d4*      99%         5

Inventory:

Magical Staves
 d - a staff of air {!a}
 o - a staff of air {!a}
Jewellery
 C - a ring of protection from cold (left tentacle)
 F - a ring of protection from fire (right tentacle)
Scrolls
 c - a scroll of acquirement {unknown}
 e - 2 scrolls of enchant weapon {unknown}
 g - 2 scrolls of butterflies {unknown}
 h - a scroll of blinking {unknown}
 k - 2 scrolls of identify {unknown}
 m - a scroll of noise {unknown}
 p - a scroll of brand weapon {unknown}
Potions
 a - a potion of lignification
 b - 3 potions of curing {unknown}
 f - a potion of heal wounds {unknown}
 i - a potion of might {unknown}
 j - a potion of haste {unknown}
 l - a potion of resistance {unknown}
 n - a potion of attraction {unknown}

Dungeon Overview and Level Annotations

Branches:
Dungeon (4/15)
 Temple: D:4-7

Altars:

Shops:
D:2 (

Annotations:
D:2 1 runed translucent door, Crazy Yiuf

▒.......... ▒..........
▒.......... ▒..........
▒.......... ▒▒..........
▒▒...........
#.▒▒▒▒▒▒▒........#'##
#..J@.....##+#####...
#.........#..........
......#+######..........
...... .........> .....
.......... .....
.......... ....
.....####. ....
##########. ###
#..........


You could see a jelly.


Message History

The hound is severely wounded.
You constrict the hound. The hound barely misses you.
The hound closely misses you.
You tentacle-slap the hound.
You kill the hound!
You now have 133 gold pieces (gained 5).
Your transformation is almost over.
Your tentacle spike disappears.
You open the door.
There is an open door here.
A jelly comes into view.
Unknown command.
Casting: Beastly Appendage (safe; 3% risk of failure)
Confirm with . or Enter, or press ? or * to list all spells.
One of your tentacles grows a vicious spike.
The jelly quivers.
The jelly hits you. The acid corrodes you!
You are splashed with acid!
You tentacle-slap the jelly but do no damage.
Your tentacles burn!
You pierce the jelly, but do no damage.
You squeeze the jelly, but do no damage.
The jelly closely misses you.
You completely miss the jelly. The jelly hits you.
You are splashed with acid!
* * * LOW HITPOINT WARNING * * *
You barely miss the jelly. The jelly hits you.
* * * LOW HITPOINT WARNING * * *
You are splashed with acid!
* * * LOW HITPOINT WARNING * * *
You tentacle-slap the jelly but do no damage.
Your tentacles burn!
You die...

Skill      XL: |  1  2  3  4 |
---------------+-------------+-----
Transmutations | 3 4 |  4.4
Ice Magic      | 1 |  1.8
Fighting       | |  1.6
Dodging        | |  2.0
Unarmed Combat | |  3.3
Spellcasting   | |  2.0

Action                   |  1- 3 |  4- 6 || total
-------------------------+-------+-------++-------
Melee: Unarmed           |    69 |    49 ||   118
       Constrict         |    15 |    13 ||    28
       Punch             |     4 |     1 ||     5
       Tentacles         |    11 |    11 ||    22
       Kick              |     5 |    11 ||    16
 Cast: Beastly Appendage |     4 |    11 ||    15
       Wereblood         |       |     3 ||     3
 Stab: Sleeping          |     7 |     3 ||    10
Armor: Skin              |     6 |     2 ||     8
Dodge: Dodged            |    34 |    21 ||    55

Levels and vault maps discovered:
D:1:      minmay_arrival_jagged, layout_rooms, minmay_tetromino_s2
D:2:      layout_rooms, serial_shops, shop, uniq_crazy_yiuf_cottage
D:3:      layout_basic
D:4:      layout_gridville, led_sif_book, gammafunk_ghost_cemetery, uniq_duvessa

Notes
Turn   | Place    | Note
-------+----------+-------------------------------------------
     0 | D:1      | Raultor the Octopode Transmuter began the quest for the
                  | Orb.
     0 | D:1      | Reached XP level 1. HP: 13/13 MP: 3/3
   157 | D:1      | Reached XP level 2. HP: 18/18 MP: 5/5
   277 | D:1      | Reached skill level 3 in Transmutations
   342 | D:1      | Reached XP level 3. HP: 17/23 MP: 6/6
   345 | D:1      | Learned a level 2 spell: Wereblood
   730 | D:2      | Found Virgh's Weapon Shoppe.
   762 | D:2      | Reached skill level 4 in Transmutations
   765 | D:2      | Reached XP level 4. HP: 28/28 MP: 5/7
   770 | D:2      | Learned a level 4 spell: Ice Form
  1015 | D:2      | Found a runed translucent door.
  1016 | D:2      | Noticed Crazy Yiuf
  1771 | D:3      | Reached skill level 1 in Ice Magic
  2137 | D:3      | Reached XP level 5. HP: 24/33 MP: 8/8
  2337 | D:4      | HP: 1/34 [acid (7)]
  2338 | D:4      | Splashed by a jelly's acid

Vanquished Creatures
  A hound (D:4)
  An orc wizard (D:3)
  4 adders
  2 dart slugs (D:2)
  8 orcs (D:3)
  5 ball pythons
  5 bats
  4 endoplasms (D:1)
  2 giant cockroaches (D:1)
  3 goblins (D:1)
  3 hobgoblins (D:1)
  6 kobolds
  3 quokkas
  2 frilled lizards
  5 rats
54 creatures vanquished.

Table legend: (Time is in decaauts)
 A = Elapsed time spent in this place.
 B = Non-inter-level travel time spent in this place.
 C = Inter-level travel time spent in this place.
 D = Time resting spent in this place.
 E = Time spent auto-exploring this place.
 F = Levels seen in this place.
 G = Mean time per level.
                   A        B        C        D        E       F      G
               +--------+--------+--------+--------+--------+-----+--------+
         Total |   2329 |   2227 |    102 |      0 |   1786 |   4 |  582.2 |
       Dungeon |   2329 |   2227 |    102 |      0 |   1786 |   4 |  582.2 |
               +--------+--------+--------+--------+--------+-----+--------+

Top non-repeatable levels by time:
     D:3: 1010 daAuts
     D:1: 618 daAuts
     D:2: 530 daAuts
     D:4: 169 daAuts

Table legend:
 A = Non-vault XP
 B = Vault XP
 C = Vault XP percentage of total XP
 D = Non-vault monster count
 E = Vault monster count
 F = Vault count percentage of total count
                 A         B        C        D         E       F
            +---------+---------+-------+---------+---------+-------
      Total |     229 |       0 |   0.0 |      54 |       0 |   0.0
            +---------+---------+-------+---------+---------+-------
        D:1 |      43 |       0 |   0.0 |      23 |       0 |   0.0
        D:2 |      48 |       0 |   0.0 |      14 |       0 |   0.0
        D:3 |      83 |       0 |   0.0 |      15 |       0 |   0.0
        D:4 |      55 |       0 |   0.0 |       2 |       0 |   0.0
            +---------+---------+-------+---------+---------+-------
